 Dungeon Crawl Stone Soup version 0.22.1-1-ga44c0e56f4 (webtiles) character file.

2021 DearestLeader the Destroyer (level 9, -2/45 HPs)
             Began as a Gargoyle Earth Elementalist on Nov 6, 2018.
             Was an Initiate of Makhleb.
             Slain by an ogre
             ... wielding a +0 giant spiked club
              (23 damage)
             ... on level 8 of the Dungeon on Nov 7, 2018.
             The game lasted 00:31:52 (5449 turns).

DearestLeader the Destroyer (GrEE)                  Turns: 5449, Time: 00:31:53

Health: -2/45      AC: 11    Str: 13    XL:     9   Next: 23%
Magic:  14/25      EV: 13    Int: 18    God:    Makhleb [......]
Gold:   255        SH:  0    Dex: 10    Spells: 7/18 levels left

rFire    . . .     SeeInvis .   m - staff of conjuration
rCold    . . .     Gourm    .   (no shield)
rNeg     + . .     Faith    .   s - +0 leather armour
rPois    ∞         Spirit   .   (no helmet)
rElec    +         Reflect  .   j - scarf {cloud immunity}
rCorr    .         Harm     .   (no gloves)
MR       .....                  i - +0 pair of boots
Stlth    ++........             B - amulet of regeneration
HPRegen  0.55/turn              w - ring of magical power
MPRegen  0.19/turn              (no ring)

@: no status effects
A: negative energy resistance 1, electricity resistance, unbreathing,
petrification resistance, rot immunity, AC +6
a: Renounce Religion


You were on level 8 of the Dungeon.
You worshipped Makhleb.
Makhleb was noncommittal.
You were not hungry.

You visited 2 branches of the dungeon, and saw 9 of its levels.

You collected 255 gold pieces.

Inventory:

Hand Weapons
 e - a +0 dagger
 f - a +0 whip
 r - a +0 quarterstaff
Missiles
 b - 4 stones (quivered)
Armour
 c - a +0 robe
 i - a +0 pair of boots (worn)
 j - a scarf of cloud immunity (worn)
 s - a +0 leather armour (worn)
 v - a +2 ring mail of cold resistance
Magical Staves
 m - an uncursed staff of conjuration (weapon)
 G - a cursed staff of death {unknown}
Jewellery
 w - a ring of magical power (left hand)
 B - an amulet of regeneration (around neck)
Wands
 h - a wand of iceblast (11)
Scrolls
 g - a scroll of amnesia {unknown}
 l - a scroll of immolation {unknown}
 n - a scroll of remove curse {unknown}
 o - 2 scrolls of magic mapping {unknown}
 q - a scroll of identify
 u - 3 scrolls of teleportation
 y - a scroll of enchant weapon {unknown}
 z - a scroll of random uselessness {unknown}
 F - a scroll of enchant armour {unknown}
Potions
 a - 3 potions of curing
 k - 6 potions of heal wounds
 p - a potion of brilliance {unknown}
 t - a potion of haste {unknown}
 x - a potion of cancellation {unknown}
 A - a potion of mutation {unknown}
 C - 2 potions of flight {unknown}
 E - a potion of magic {unknown}
Comestibles
 d - 15 rations
 D - 6 chunks of flesh


   Skills:
 - Level 2.0 Maces & Flails
 * Level 4.7 Armour
 - Level 4.0 Dodging
 - Level 2.1 Stealth
 + Level 5.0 Spellcasting
 * Level 8.2 Conjurations
 - Level 0.7 Transmutations
 - Level 5.1 Earth Magic


You had 7 spell levels left.
You knew the following spells:

 Your Spells              Type           Power        Failure   Level  Hunger
a - Sandblast             Erth           ###...       1%          1    None
b - Stone Arrow           Conj/Erth      #####.       3%          3    ##.....
c - Mephitic Cloud        Conj/Pois/Air  ###.....     16%         3    ##.....
d - Petrify               Tmut/Erth      ###.....     43%         4    ####...

Your spell library contained the following spells:

 Spells                   Type           Power        Failure   Level  Hunger
 Magic Dart               Conj           ####         1%          1    None
 Passwall                 Tmut/Erth      ###.....     8%          2    #......
 Conjure Flame            Conj/Fire      ####....     9%          3    ##.....
 Dazzling Spray           Conj/Hex       ####..       9%          3    ##.....
 Corona                   Hex            #......      16%         1    None
 Blink                    Tloc           N/A          24%         2    #......
 Call Imp                 Summ           #.......     24%         2    #......
 Ensorcelled Hibernation  Hex/Ice        #.....       24%         2    #......
 Slow                     Hex            #.......     24%         2    #......
 Confuse                  Hex            #.......     43%         3    ##.....
 Tukima's Dance           Hex            #.......     43%         3    ##.....
 Lee's Rapid Deconstruct  Erth           ###.......   50%         5    ######.


Dungeon Overview and Level Annotations

Branches:
Dungeon (8/15)             Temple (1/1) D:6
   Lair: D:8-11

Altars:
Ashenzari
Cheibriados
Dithmenos
Elyvilon
Fedhas
Hepliaklqana
Kikubaaqudgha
Makhleb
Nemelex Xobeh
Okawaru
Qazlal
Ru
Trog
Uskayaw
Vehumet
Wu Jian
Xom
Yredelemnul
Zin
The Shining One

Shops:
D:5 *


Innate Abilities, Weirdness & Mutations

You are resistant to torment.
Your stone body is resilient. (AC +6)
You are immune to poison.
You resist negative energy. (rN+)
You are resistant to electric shocks. (rElec)
You can survive without breathing.
You are immune to petrification.
You are immune to rotting.


Message History

Confirm with . or Enter, or press ? or * to list all spells.
Aiming: Sandblast (safe; 1% risk of failure)
Press: ? - help, Shift-Dir - straight line, f - ogre
Aim: an ogre, wielding a giant spiked club The blast of sand hits the ogre.
The ogre is lightly wounded.
b - 5 stones The ogre hits you with a giant spiked club!!
Ouch! That really hurt!
Casting: Sandblast (safe; 1% risk of failure)
Confirm with . or Enter, or press ? or * to list all spells.
Aiming: Sandblast (safe; 1% risk of failure)
Press: ? - help, Shift-Dir - straight line, f/p - ogre
Aim: an ogre, wielding a giant spiked club (lightly wounded)
The blast of sand hits the ogre.
The ogre is heavily wounded.
b - 4 stones The ogre hits you with a giant spiked club!!
Ouch! That really hurt!
You die...

#.....#OK((S....#
#.....#####'###.#
#############K#
#...SK.h......#
#.#############
#h#.. #.#.# #K#)#
#.#@# #S#O# #.#K#
#...# #####


You could see an ogre and a kobold.

Vanquished Creatures
  A wyvern (D:7)
  2 black bears
  An ogre (D:4)
  A sky beast (D:5)
  A necrophage (D:8)
  A centaur (D:8)
  A big kobold (D:8)
  A bullfrog (D:6)
  3 scorpions
  A killer bee (D:8)
  A howler monkey (D:5)
  3 crimson imps
  5 hounds
  2 jellies
  An orc wizard (D:4)
  3 orc priests (D:4)
  2 bullfrog skeletons
  A centaur skeleton (D:5)
  An iguana (D:6)
  Natasha (twice) (D:4)
  6 worker ants
  2 hound skeletons (D:4)
  3 gnolls (D:5)
  7 adders
  3 shadow imps (D:5)
  2 oozes (D:3)
  An adder skeleton (D:5)
  3 worms
  4 dart slugs
  3 leopard geckos
  15 orcs
  3 ball pythons
  4 giant cockroaches
  8 goblins
  9 hobgoblins
  8 jackals
  8 kobolds
  7 bats
  7 frilled lizards
  2 leopard gecko skeletons
  A quokka zombie (D:5)
  A rat (D:2)
141 creatures vanquished.

Notes
Turn   | Place    | Note
-------+----------+-------------------------------------------
     0 | D:1      | DearestLeader the Gargoyle Earth Elementalist began the
                  | quest for the Orb.
     0 | D:1      | Reached XP level 1. HP: 10/10 MP: 3/3
   167 | D:1      | Reached XP level 2. HP: 4/15 MP: 5/5
   450 | D:1      | Reached skill level 1 in Maces & Flails
   652 | D:1      | Reached XP level 3. HP: 7/19 MP: 6/6
   831 | D:1      | Learned a level 3 spell: Stone Arrow
  1221 | D:2      | Reached skill level 1 in Conjurations
  1222 | D:2      | Reached XP level 4. HP: 21/24 MP: 1/7
  1360 | D:2      | Found a glowing golden altar of the Shining One.
  1778 | D:3      | Reached skill level 5 in Earth Magic
  1812 | D:3      | Learned a level 3 spell: Mephitic Cloud
  2317 | D:4      | Noticed an ogre
  2335 | D:3      | Reached skill level 2 in Conjurations
  2335 | D:3      | Reached XP level 5. HP: 21/28 MP: 4/8
  2454 | D:4      | Reached skill level 3 in Conjurations
  2457 | D:4      | Reached XP level 6. HP: 17/32 MP: 0/9
  2740 | D:4      | Reached skill level 4 in Conjurations
  2998 | D:4      | Reached XP level 7. HP: 26/36 MP: 7/11
  3125 | D:4      | Noticed Natasha
  3131 | D:4      | Killed Natasha
  3359 | D:4      | Found a hide-covered altar of Uskayaw.
  3359 | D:4      | Found a basalt altar of Yredelemnul.
  3381 | D:4      | Noticed Natasha
  3394 | D:4      | Killed Natasha
  3480 | D:5      | Entered Level 5 of the Dungeon
  3488 | D:5      | Reached skill level 5 in Conjurations
  3589 | D:5      | Found Zin's Purification Station.
  3603 | D:5      | Found a glowing silver altar of Zin.
  3810 | D:5      | Reached XP level 8. HP: 28/41 MP: 9/13
  3899 | D:5      | Reached skill level 6 in Conjurations
  3988 | D:5      | Found a hazy altar of Hepliaklqana.
  4200 | D:5      | Learned a level 4 spell: Petrify
  4581 | D:6      | Reached skill level 1 in Armour
  4594 | D:6      | Found a shattered altar of Ashenzari.
  4704 | D:6      | Found a staircase to the Ecumenical Temple.
  4718 | D:6      | Reached skill level 7 in Conjurations
  4726 | Temple   | Entered the Ecumenical Temple
  4905 | Temple   | Became a worshipper of Makhleb the Destroyer
  5053 | D:6      | Found a burning altar of Makhleb.
  5229 | D:7      | Noticed a wyvern
  5235 | D:7      | Killed a wyvern
  5351 | D:8      | Reached XP level 9. HP: 31/45 MP: 16/16
  5399 | D:8      | Reached skill level 8 in Conjurations
  5432 | D:8      | Reached skill level 5 in Spellcasting
  5449 | D:8      | Slain by an ogre

Skill      XL: |  1  2  3  4  5  6  7  8  9 |
---------------+----------------------------+-----
Earth Magic    | 4 5 |  5.1
Maces & Flails | 1 2 |  2.0
Dodging        | 2 3 4 |  4.0
Conjurations   | 1 2 3 4 5 7 8 |  8.2
Spellcasting   | 3 4 5 |  5.0
Armour         | 3 4 |  4.7
Stealth        | |  2.1
Transmutations | |  0.7

Action                   |  1- 3 |  4- 6 |  7- 9 || total
-------------------------+-------+-------+-------++-------
Melee: Whip              |   100 |    96 |       ||   196
       Unarmed           |     9 |       |       ||     9
       Staff             |       |       |   316 ||   316
 Cast: Sandblast         |    29 |    49 |   125 ||   203
       Stone Arrow       |       |     1 |       ||     1
  Use: Scroll            |       |     2 |     3 ||     5
 Stab: Sleeping          |     4 |       |     1 ||     5
  Eat: Chunk             |     2 |     6 |     8 ||    16
Armor: Robe              |    37 |    32 |    58 ||   127
       Leather armour    |       |       |   110 ||   110
Dodge: Dodged            |   103 |    71 |   309 ||   483
